 Dungeon Sprint DCSS version 0.22-a0-429-g97ce8ef (webtiles) character file.

3399 ForestKing the Reanimator (level 9, -20/69 HPs)
             Began as a Demonspawn Necromancer on May 25, 2018.
             Was the Champion of Jiyva.
             Killed by the air
             ... invoked by Gastronok
              (26 damage)
             ... in the Dungeon (Sprint IX: "|||||||||||||||||||||||||||||").
             The game lasted 00:16:12 (1801 turns).

ForestKing the Reanimator (Demonspawn Necromancer)  Turns: 1801, Time: 00:16:12

Health: -20/69     AC: 18    Str: 14    XL:     9   Next: 75%
Magic:  17/17      EV:  6    Int: 23    God:    Jiyva [******]
Gold:   23         SH:  0    Dex: 15    Spells: 13/19 levels left

rFire    . . .     SeeInvis +   q - +3 war axe (freeze)
rCold    + + .     Gourm    .   (no shield)
rNeg     . . .     Faith    .   t - +0 plate armour
rPois    .         Spirit   .   (helmet restricted)
rElec    .         Reflect  .   (no cloak)
rCorr    +         Harm     .   (no gloves)
MR       .....     NoTele   +   s - +0 pair of boots
Stlth    ..........             (no amulet)
HPRegen  0.21/turn              u - +3 ring of intelligence
MPRegen  0.15/turn              v - +3 ring of intelligence

@: no status effects
A: claws 2, horns 1, talons 1, thin metallic scales 2, see invisible, agile 1,
cold resistance 2, mutation resistance 1, nightstalker 2, powered by pain 1,
strong 1, tendrils, jelly absorbing missiles
a: Request Jelly, Slimify, Cure Bad Mutation, Renounce Religion


You were in the Dungeon.
You worshipped Jiyva.
Jiyva was exalted by your worship.
You were not hungry.

You visited 1 branch You collected 23 gold pieces.

Inventory:

Hand Weapons
 b - a +2 flail of protection
 j - a +0 club
 q - a +3 war axe of freezing (weapon)
Armour
 a - a +0 robe
 h - a +0 ring mail
 r - a +0 helmet
 s - a +0 pair of boots (worn)
 t - a +0 plate armour (worn)
 w - a +0 cloak
Magical Staves
 p - an uncursed staff of energy
Jewellery
 u - a +3 ring of intelligence (left claw)
 v - a +3 ring of intelligence (right claw)
Wands
 o - a wand of iceblast (9)
Scrolls
 i - 2 scrolls of blinking
 m - 5 scrolls of remove curse
 n - 3 scrolls of amnesia
 x - a scroll of identify
 y - a scroll of fear
 z - 2 scrolls of enchant weapon
Potions
 d - a potion of ambrosia {unknown}
 e - a potion of berserk rage
 f - 4 potions of haste
 g - 3 potions of magic
 l - a potion of invisibility
Comestibles
 c - 11 rations
 k - 7 chunks of flesh


   Skills:
 + Level 6.2 Fighting
 + Level 9.7(10.1) Axes
 + Level 4.3(7.6) Maces & Flails
 + Level 8.9 Armour
 + Level 4.9 Dodging
 + Level 3.8 Stealth
 + Level 1.7 Unarmed Combat
 + Level 5.9 Spellcasting
 * Level 14.4 Necromancy


You had 13 spell levels left.
You knew the following spells:

 Your Spells              Type           Power        Failure   Level  Hunger
a - Pain                  Necr           ####         1%          1    None
b - Animate Dead          Necr           N/A          12%         4    ###....
c - Animate Skeleton      Necr           N/A          1%          1    None

Your spell library contained the following spells:

 Spells                   Type           Power        Failure   Level  Hunger
 Vampiric Draining        Necr           ######....   3%          3    #......
 Regeneration             Chrm/Necr      #####.....   56%         3    #......


Dungeon Overview and Level Annotations

Branches:
Dungeon (1/1)

Altars:
Cheibriados
Dithmenos
Elyvilon
Fedhas
Gozag
Hepliaklqana
Kikubaaqudgha
Makhleb
Nemelex Xobeh
Okawaru
Qazlal
Ru
Sif Muna
Trog
Uskayaw
Vehumet
Wu Jian
Xom
Yredelemnul
Zin
The Shining One
Beogh
Jiyva
Lugonu

Annotations:
D Gastronok


Innate Abilities, Weirdness & Mutations

You have sharp toenails.
You are mostly covered in thin metallic scales. (AC +3)
You are significantly more attuned to the shadows.
You sometimes gain a little power by taking damage.
You have very sharp fingernails.
You have a pair of small horns on your head.
You have supernaturally acute eyesight. (SInv)
You are agile. (Dex +2)
Your flesh is very cold resistant. (rC++)
You are somewhat resistant to further mutation.
Your muscles are strong. (Str +2)
You are covered in slimy tendrils that may disarm your opponents.
You have a small jelly attached to you that may absorb incoming projectiles.


Message History

Things that are here:
an animal skin; the gnoll skeleton of Grum Gastronok the Ponderous comes into view.
You start to feel less resistant.
Gastronok gurgles horribly!
You hit Gastronok. You freeze Gastronok.
Gastronok is lightly wounded.
You slash Gastronok! You freeze Gastronok.
Gastronok is lightly wounded.
Gastronok waves his eye-stalks in wide circles.
The air twists around and strikes you!
* * * LOW HITPOINT WARNING * * *
You slash Gastronok! You freeze Gastronok.
Gastronok is moderately wounded.
You slash Gastronok! You freeze Gastronok.
Gastronok is heavily wounded.
Your resistance to elements expires.
Gastronok waves his eye-stalks in wide circles.
The air twists around and strikes you!
You die...

▓.▓.▓.▓.▓
▓)▓.▓.▓.▓
▓.▓.▓.▓.▓,
▓.▓.▓.▓.▓
*
▓.▓.▓.▓.▓
▓'▓.▓†▓.▓
▓_▓.▓†▓.▓
▓_▓.▓†▓.▓
▓_▓.▓.▓@▓
▓_▓.▓.▓w▓
,
▓_▓.▓.▓.▓
,
▓_▓.▓.▓.▓
▓_▓.▓.▓.▓
*
▓_▓.▓.▓.▓
* ▓_▓.▓.▓
▓_▓.▓'▓ ,
* ▓_▓.▓.▓


You could see Gastronok.

Vanquished Creatures
  A spiny frog (D)
  A blink frog (D)
  A hippogriff (D)
  3 yaks (D)
  A wyvern (D)
  Grum (D)
  2 wargs (D)
  2 porcupines (D)
  A black bear (D)
  8 wolves (D)
  A crocodile (D)
  An ogre (D)
  A bullfrog (D)
  A scorpion (D)
  A killer bee (D)
  A crimson imp (D)
  2 adders (D)
  A leopard gecko (D)
  2 orcs (D)
  A hobgoblin (D)
  A kobold (D)
  A bat (D)
  A frilled lizard (D)
  A leopard gecko skeleton (D)
37 creatures vanquished.

Vanquished Creatures (collateral kills)
  A komodo dragon (D)
  A hippogriff (D)
  3 yaks (D)
  2 water moccasins (D)
  A wolf (D)
8 creatures vanquished.

Vanquished Creatures (others)
  A bullfrog (D)
  A howler monkey (D)
  5 jellies (D)
  An adder (D)
  An adder skeleton (D)
  A bat skeleton (D)
10 creatures vanquished.

Grand Total: 55 creatures vanquished

Notes
Turn   | Place    | Note
-------+----------+-------------------------------------------
     0 | D        | ForestKing the Demonspawn Necromancer began the quest for the Orb.
     0 | D        | Reached XP level 1. HP: 13/13 MP: 3/3
     8 | D        | Reached skill level 5 in Necromancy
   331 | D        | Noticed a scorpion
   336 | D        | Gained mutation: You sometimes gain a little power by taking damage. [demonic ancestry]
   336 | D        | Reached XP level 2. HP: 19/19 MP: 5/5
   339 | D        | Reached skill level 6 in Necromancy
   342 | D        | Killed a scorpion
   342 | D        | Reached skill level 8 in Necromancy
   342 | D        | Gained mutation: You are partially covered in thin metallic scales. (AC +2) [demonic ancestry]
   342 | D        | Reached XP level 3. HP: 24/24 MP: 6/8
   342 | D        | Gained mutation: You are slightly more attuned to the shadows. [demonic ancestry]
   342 | D        | Reached XP level 4. HP: 30/30 MP: 6/9
   365 | D        | Found a roughly hewn altar of Beogh.
   365 | D        | Found a snail-covered altar of Cheibriados.
   365 | D        | Found a shadowy altar of Dithmenos.
   365 | D        | Found a white marble altar of Elyvilon.
   365 | D        | Found a blossoming altar of Fedhas.
   366 | D        | Found an opulent altar of Gozag.
   367 | D        | Found a hazy altar of Hepliaklqana.
   368 | D        | Found a viscous altar of Jiyva.
   369 | D        | Found an ancient bone altar of Kikubaaqudgha.
   370 | D        | Found a corrupted altar of Lugonu.
   371 | D        | Found a burning altar of Makhleb.
   372 | D        | Found a sparkling altar of Nemelex Xobeh.
   373 | D        | Found an iron altar of Okawaru.
   374 | D        | Found a stormy altar of Qazlal.
   375 | D        | Found a sacrificial altar of Ru.
   377 | D        | Became a worshipper of Jiyva Jehuo the Shapeless
   379 | D        | Found a deep blue altar of Sif Muna.
   380 | D        | Found a bloodstained altar of Trog.
   381 | D        | Found a hide-covered altar of Uskayaw.
   382 | D        | Found a radiant altar of Vehumet.
   383 | D        | Found an ornate altar of the Wu Jian Council.
   384 | D        | Found a shimmering altar of Xom.
   385 | D        | Found a basalt altar of Yredelemnul.
   386 | D        | Found a glowing silver altar of Zin.
   387 | D        | Found a glowing golden altar of the Shining One.
   420 | D        | Learned a level 4 spell: Animate Dead
   490 | D        | Noticed an ogre
   492 | D        | Noticed a black bear
   495 | D        | Killed an ogre
   495 | D        | Reached skill level 1 in Maces & Flails
   495 | D        | Reached skill level 10 in Necromancy
   495 | D        | Gained mutation: You have sharp toenails. [demonic ancestry]
   495 | D        | Reached XP level 5. HP: 36/36 MP: 9/11
   495 | D        | Reached * piety under Jiyva
   495 | D        | Reached ** piety under Jiyva
   497 | D        | Killed a black bear
   497 | D        | Reached skill level 1 in Fighting
   497 | D        | Reached skill level 1 in Axes
   497 | D        | Reached skill level 1 in Unarmed Combat
   497 | D        | Reached skill level 11 in Necromancy
   501 | D        | Reached *** piety under Jiyva
   501 | D        | Gained mutation: You are clumsy. (Dex -2) [Jiyva's grace]
   501 | D        | Reached **** piety under Jiyva
   501 | D        | Gained mutation: You are mostly covered in thin metallic scales. (AC +3) [Jiyva's grace]
   503 | D        | Reached ***** piety under Jiyva
   503 | D        | Gained mutation: You have a small jelly attached to you that senses nearby items. [Jiyva's grace]
   504 | D        | Lost mutation: You are clumsy. (Dex -2) [Jiyva's power]
   505 | D        | Noticed a manticore
   507 | D        | Noticed a yak
   514 | D        | Reached skill level 1 in Armour
   514 | D        | Reached XP level 6. HP: 41/43 MP: 12/12
   517 | D        | Slimified a manticore
   517 | D        | Noticed a slime creature
   517 | D        | a manticore changed into a slime creature
   550 | D        | Killed a yak
   552 | D        | Gained mutation: Your rubbery body absorbs attacks. (AC +1, EV +1) [Jiyva's grace]
   574 | D        | Learned a level 1 spell: Animate Skeleton
   814 | D        | Gained mutation: You are resistant to hostile enchantments. (MR+) [Jiyva's grace]
   822 | D        | Reached ****** piety under Jiyva
   822 | D        | Gained mutation: You have acidic saliva. [Jiyva's grace]
   830 | D        | Gained mutation: You have sharp fingernails. [Jiyva's grace]
   833 | D        | Lost mutation: You are resistant to hostile enchantments. (MR+) [Jiyva's grace]
   839 | D        | Gained mutation: You possess an exceptional clarity of mind. [Jiyva's grace]
   841 | D        | Lost mutation: You are mostly covered in thin metallic scales. (AC +3) [Jiyva's grace]
   841 | D        | Gained mutation: You have supernaturally acute eyesight. (SInv) [Jiyva's grace]
   842 | D        | Lost mutation: Your rubbery body absorbs attacks. (AC +1, EV +1) [Jiyva's grace]
   848 | D        | Lost mutation: You possess an exceptional clarity of mind. [Jiyva's grace]
   848 | D        | Gained mutation: You are agile. (Dex +2) [Jiyva's grace]
   852 | D        | Lost mutation: You have acidic saliva. [Jiyva's grace]
   856 | D        | Gained mutation: You can translocate small distances at will. [Jiyva's grace]
   858 | D        | Gained mutation: Your body has grown golden eyes which may confuse attackers. (Acc +3) [Jiyva's grace]
   858 | D        | Gained mutation: You have acidic saliva. [Jiyva's grace]
   861 | D        | Gained mutation: Your body has grown many golden eyes which may confuse attackers. (Acc +5) [Jiyva's grace]
   867 | D        | Gained mutation: You passively map a small area around you. [Jiyva's grace]
   867 | D        | Gained mutation: You have a small jelly attached to you that may absorb incoming projectiles. [Jiyva's grace]
   872 | D        | Noticed a water moccasin
   872 | D        | Noticed a hippogriff
   872 | D        | Noticed a yak
   872 | D        | Noticed a blink frog
   872 | D        | Gained mutation: You are mostly covered in thin metallic scales. (AC +3) [Jiyva's grace]
   872 | D        | Lost mutation: You have supernaturally acute eyesight. (SInv) [Jiyva's grace]
   873 | D        | Noticed a yak
   876 | D        | Gained mutation: You are frail. (-10% HP) [Jiyva's grace]
   876 | D        | Lost mutation: You are frail. (-10% HP) [Jiyva's grace]
   876 | D        | Lost mutation: You can translocate small distances at will. [Jiyva's grace]
   882 | D        | Lost mutation: You have a small jelly attached to you that may absorb incoming projectiles. [Jiyva's grace]
   883 | D        | Gained mutation: You expend magic power (3 MP) to strengthen your wands. [Jiyva's grace]
   886 | D        | Killed a blink frog
   886 | D        | Reached skill level 5 in Spellcasting
   886 | D        | Reached skill level 12 in Necromancy
   886 | D        | Mutation became permanent: You are partially covered in thin metallic scales. (AC +2) [demonic ancestry]
   886 | D        | Gained mutation: You are mostly covered in thin metallic scales. (AC +3) [demonic ancestry]
   886 | D        | Reached XP level 7. HP: 24/51 MP: 14/14
   886 | D        | Lost mutation: You have acidic saliva. [Jiyva's grace]
   886 | D        | Lost mutation: You are agile. (Dex +2) [Jiyva's grace]
   886 | D        | Killed a yak
   887 | D        | Noticed a komodo dragon
   888 | D        | Noticed a yak
   889 | D        | Killed a hippogriff
   893 | D        | Gained mutation: Your magical capacity is low. (-10% MP) [Jiyva's grace]
   893 | D        | Gained mutation: You have acidic saliva. [Jiyva's grace]
   895 | D        | Reached skill level 5 in Axes
   896 | D        | Gained mutation: You have a pair of small horns on your head. [Jiyva's grace]
   898 | D        | Gained mutation: You have a small jelly attached to you that may absorb incoming projectiles. [Jiyva's grace]
   898 | D        | Lost mutation: Your magical capacity is low. (-10% MP) [Jiyva's grace]
   900 | D        | Killed a yak
   902 | D        | Lost mutation: You have a pair of small horns on your head. [Jiyva's grace]
   908 | D        | Gained mutation: You are agile. (Dex +2) [Jiyva's grace]
   910 | D        | Lost mutation: You have a small jelly attached to you that senses nearby items. [Jiyva's grace]
   910 | D        | Gained mutation: Your flesh is cold resistant. (rC+) [Jiyva's grace]
   912 | D        | Killed a komodo dragon
   912 | D        | Reached skill level 5 in Armour
   912 | D        | Gained mutation: You are significantly more attuned to the shadows. [demonic ancestry]
   912 | D        | Reached XP level 8. HP: 22/60 MP: 15/15
   912 | D        | Gained mutation: You have very sharp fingernails. [Jiyva's grace]
   913 | D        | Gained mutation: Armour fits poorly on your pseudopods. [Jiyva's grace]
   914 | D        | Reached skill level 13 in Necromancy
   915 | D        | Lost mutation: You passively map a small area around you. [Jiyva's grace]
   919 | D        | Lost mutation: You expend magic power (3 MP) to strengthen your wands. [Jiyva's grace]
   922 | D        | Lost mutation: You have acidic saliva. [Jiyva's grace]
   924 | D        | Gained mutation: You have supernaturally acute eyesight. (SInv) [Jiyva's grace]
   926 | D        | Gained mutation: Your muscles are strong. (Str +2) [Jiyva's grace]
   926 | D        | Gained mutation: You are somewhat resistant to further mutation. [Jiyva's grace]
   947 | D        | Lost mutation: Armour fits poorly on your pseudopods. [Jiyva's grace]
   957 | D        | Gained mutation: You are covered in slimy tendrils that may disarm your opponents. [Jiyva's grace]
   957 | D        | Gained mutation: Your flesh is very cold resistant. (rC++) [Jiyva's grace]
  1291 | D        | Noticed a spiny frog
  1315 | D        | Killed a spiny frog
  1321 | D        | Reached skill level 5 in Fighting
  1321 | D        | Reached XP level 9. HP: 45/68 MP: 17/17
  1326 | D        | Gained mutation: You expend magic power (3 MP) to strengthen your wands. [Jiyva's grace]
  1326 | D        | Lost mutation: Your flesh is very cold resistant. (rC++) [Jiyva's grace]
  1358 | D        | Reached skill level 14 in Necromancy
  1738 | D        | Gained mutation: You have a pair of small horns on your head. [Jiyva's grace]
  1741 | D        | Lost mutation: Your body has grown many golden eyes which may confuse attackers. (Acc +5) [Jiyva's grace]
  1744 | D        | Lost mutation: You expend magic power (3 MP) to strengthen your wands. [Jiyva's grace]
  1744 | D        | Lost mutation: Your body has grown golden eyes which may confuse attackers. (Acc +3) [Jiyva's grace]
  1744 | D        | Noticed Grum
  1766 | D        | Killed Grum
  1769 | D        | Gained mutation: Your flesh is very cold resistant. (rC++) [Jiyva's grace]
  1795 | D        | Noticed Gastronok
  1801 | D        | Killed from afar by Gastronok

Vault maps used:
D:        linesprint

Skill      XL: |  1  2  3  4  5  6  7  8  9 |
---------------+----------------------------+-----
Necromancy     | 5 8 10 11 12 13 14 | 14.4
Dodging        | 2 3 4 |  4.9
Stealth        | 2 3 |  3.8
Spellcasting   | 3 4 5 |  5.9
Maces & Flails | 1 2 3 4 |  4.3
Fighting       | 1 2 3 5 6 |  6.2
Axes           | 1 3 5 7 9 |  9.7
Unarmed Combat | 1 |  1.7
Armour         | 1 3 5 7 8 |  8.9

Action                   |  1- 3 |  4- 6 |  7- 9 || total
-------------------------+-------+-------+-------++-------
Melee: Unarmed           |    16 |       |       ||    16
       Club              |    10 |     9 |       ||    19
       War axe           |       |    40 |    93 ||   133
       Bite              |       |     2 |     2 ||     4
       Headbutt          |       |       |     6 ||     6
 Cast: Pain              |     7 |     1 |       ||     8
       Animate Dead      |       |       |     3 ||     3
Invok: Cure Bad Mutation |       |     1 |       ||     1
       Slimify           |       |     1 |       ||     1
Evoke: Wand              |       |     1 |       ||     1
  Use: Potion            |     2 |     6 |     6 ||    14
 Stab: Confused          |       |       |     2 ||     2
Armor: Robe              |     1 |     4 |       ||     5
       Plate armour      |       |    75 |    61 ||   136
Dodge: Dodged            |    17 |    19 |    34 ||    70

Table legend:
 A = Spawn XP
 B = Non-spawn XP
 C = Spawn XP percentage of total XP
 D = Spawn monster count
 E = Non-spawn monster count
 F = Spawn count percentage of total count
 G = Total turns spent on level
                    A         B        C        D         E        F      G
               +---------+---------+-------+---------+---------+-------+---------
         Total |       0 |    4857 |   0.0 |       0 |      46 |   0.0 |  1801
               +---------+---------+-------+---------+---------+-------+---------
             D |       0 |    4857 |   0.0 |       0 |      46 |   0.0 |  1801
               +---------+---------+-------+---------+---------+-------+---------
